[Event "Israel Youth-ch U12 2025"]
[Site "Rishon Le Zion"]
[Date "2025.04.04"]
[Round "1.2"]
[White "Galmidi, Ester"]
[Black "Sason, Noam"]
[Result "0-1"]
[Annotator "NA"]
[ECO "B23"]
[WhiteElo "1637"]
[BlackElo "2075"]
[PlyCount "64"]
[EventDate "2025.04.03"]
[EventType "swiss"]
[EventCountry "ISR"]
[SourceTitle "playchess.com"]
[Source "ChessBase"]
[SourceQuality "1"]
[TimeControl "5400+30"]

1. e4 c5 2. Nc3 Nc6 3. f4 e6 4. Nf3 d5 5. Bb5 Nf6 6. Bxc6+ bxc6 7. d3 c4 8. e5 Nd7 9. dxc4 Ba6 10. cxd5 cxd5 11. Be3 Rb8 12. Rb1 h6 13. h4 Nb6 14. b3 Bb4 15. Qd4 Nc4 16. Kf2 Nxe3 17. Qxe3 d4 18. Nxd4 Bc5 19. Rbd1 Rb4 20. Ne4 Bxd4 21. Nd6+ Qxd6 22. exd6 Bxe3+ 23. Kxe3 Kd7 24. c4 Rb6 25. c5 Rb5 26. Rc1 Rc8 27. Kd4 Bb7 28. Rc2 Bd5 29. Rb1 Rb4+ 30. Ke3 Be4 31. c6+ Rxc6 32. Rxc6 Bxc6 0-1

[Event "Israel Youth-ch U12 2025"]
[Site "Rishon Le Zion"]
[Date "2025.04.04"]
[Round "1.3"]
[White "Belkovsky, Guy"]
[Black "Potikha, Shelley"]
[Result "1/2-1/2"]
[Annotator "NA"]
[ECO "C06"]
[WhiteElo "2067"]
[BlackElo "1615"]
[PlyCount "67"]
[EventDate "2025.04.03"]
[EventType "swiss"]
[EventCountry "ISR"]
[SourceTitle "playchess.com"]
[Source "ChessBase"]
[SourceQuality "1"]
[TimeControl "5400+30"]

1. e4 e6 2. d4 d5 3. Nd2 Nf6 4. e5 Nfd7 5. c3 c5 6. Ngf3 Nc6 7. Bd3 cxd4 8. cxd4 f6 9. exf6 Nxf6 10. O-O Bd6 11. Re1 O-O 12. b3 Bd7 13. Bb2 Qe7 14. Ne5 Be8 15. Re3 Bh5 16. Nxc6 bxc6 17. Be2 Bg6 18. Bf3 Rae8 19. Re1 Qc7 20. h3 Qf7 21. Qe2 Nh5 22. g3 Nf4 23. gxf4 Qxf4 24. Nf1 Qxf3 25. Qxf3 Rxf3 26. Rac1 Bb4 27. Re3 Rxe3 28. Nxe3 Rc8 29. Ng4 Bd2 30. Rc5 Bb4 31. Rc1 Bd2 32. Rd1 Bf4 33. Re1 Bf5 34. Kg2 1/2-1/2

[Event "Israel Youth-ch U12 2025"]
[Site "Rishon Le Zion"]
[Date "2025.04.04"]
[Round "1.4"]
[White "Shtewi, Hosni"]
[Black "Triger, Eitan"]
[Result "1/2-1/2"]
[Annotator "NA"]
[ECO "C52"]
[WhiteElo "1664"]
[BlackElo "1978"]
[PlyCount "131"]
[EventDate "2025.04.03"]
[EventType "swiss"]
[EventCountry "ISR"]
[SourceTitle "playchess.com"]
[Source "ChessBase"]
[SourceQuality "1"]
[TimeControl "5400+30"]

1. e4 e5 2. Nf3 Nc6 3. Bc4 Bc5 4. b4 Bxb4 5. c3 Ba5 6. d4 exd4 7. O-O Nf6 8. e5 Ne4 9. cxd4 O-O 10. Qc2 d5 11. exd6 Nxd6 12. Bd3 h6 13. a3 Ne7 14. Bb2 Nd5 15. Bc3 Bb6 16. Qd2 c6 17. Ne5 Bf5 18. Qc2 Bxd3 19. Qxd3 Nb5 20. Bb2 Nxd4 21. Bxd4 Nf4 22. Bxb6 Qg5 23. Qe4 axb6 24. g3 Nd5 25. Nf3 Qf6 26. Nbd2 b5 27. Qd4 Qf5 28. Rfe1 Ra4 29. Qe5 Qxe5 30. Nxe5 Rfa8 31. Nd7 g6 32. Nc5 R4a7 33. Rec1 b4 34. a4 b6 35. Nd3 c5 36. Nc4 Rxa4 37. Rxa4 Rxa4 38. Nxb6 Nxb6 39. Nxc5 Ra3 40. Rb1 Nd5 41. Kf1 Kf8 42. Ke1 Ke7 43. Kd2 Ra2+ 44. Ke1 Kd6 45. Nd3 Ra4 46. Nb2 Ra8 47. Nd3 Rc8 48. Rb2 Rc4 49. Kd2 f6 50. Rc2 Rxc2+ 51. Kxc2 Kc6 52. Kb3 Kb5 53. f4 h5 54. h3 Ka5 55. Kc4 Ne3+ 56. Kb3 Nf1 57. Nxb4 Nxg3 58. Nd5 Kb5 59. Nxf6 Ne2 60. f5 Nd4+ 61. Kc3 Nxf5 62. Kd3 Kc5 63. Ke4 Nd6+ 64. Kf4 Nf7 65. Nxh5 gxh5 66. Kf5 1/2-1/2

[Event "Israel Youth-ch U12 2025"]
[Site "Rishon Le Zion"]
[Date "2025.04.06"]
[Round "2.1"]
[White "Venturero, Guy"]
[Black "Gurevich, Neria"]
[Result "0-1"]
[Annotator "NA"]
[ECO "B51"]
[WhiteElo "1485"]
[BlackElo "2048"]
[PlyCount "86"]
[EventDate "2025.04.03"]
[EventType "swiss"]
[EventCountry "ISR"]
[SourceTitle "playchess.com"]
[Source "ChessBase"]
[SourceQuality "1"]
[TimeControl "5400+30"]

1. e4 c5 2. Nf3 d6 3. Bb5+ Nd7 4. d4 cxd4 5. Nxd4 a6 6. Be2 Ngf6 7. Nc3 e6 8. O-O Be7 9. Be3 Nc5 10. Bf3 O-O 11. Nb3 Ncd7 12. Bf4 Qc7 13. a4 Ne5 14. a5 Bd7 15. Bxe5 dxe5 16. Qc1 Rac8 17. Rd1 Bb4 18. Rd3 Bc6 19. Qe3 Rfd8 20. Rad1 Bxa5 21. Qc5 Rxd3 22. cxd3 Bxc3 23. bxc3 Ba4 24. Qb4 Bxb3 25. Qxb3 Qxc3 26. Qxb7 a5 27. h3 a4 28. Kh2 a3 29. Ra1 Rf8 30. Ra2 Qa5 31. Qb3 Ra8 32. Qb7 h6 33. Qb3 Nd7 34. Be2 Nc5 35. Qc2 Na6 36. Qb1 Nb4 37. Ra1 a2 38. Qb3 Qa3 39. Bd1 Nxd3 40. Qb7 Ra7 41. Qb5 Kh7 42. Be2 Qc3 43. Rf1 Nf4 0-1

[Event "Israel Youth-ch U12 2025"]
[Site "Rishon Le Zion"]
[Date "2025.04.06"]
[Round "2.2"]
[White "Sason, Noam"]
[Black "Grechin, Yan"]
[Result "1-0"]
[Annotator "NA"]
[ECO "A05"]
[WhiteElo "2075"]
[BlackElo "1693"]
[PlyCount "57"]
[EventDate "2025.04.03"]
[EventType "swiss"]
[EventCountry "ISR"]
[SourceTitle "playchess.com"]
[Source "ChessBase"]
[SourceQuality "1"]
[TimeControl "5400+30"]

1. Nf3 Nf6 2. g3 g6 3. Bg2 Bg7 4. O-O O-O 5. d3 d6 6. e4 e5 7. b4 Nbd7 8. c4 c6 9. Nc3 a5 10. b5 Nc5 11. Be3 Nfd7 12. bxc6 bxc6 13. d4 Ne6 14. d5 cxd5 15. Qxd5 Ba6 16. Qxd6 Bxc4 17. Rfd1 Nf6 18. Qa3 Qe8 19. Nxe5 Nxe4 20. Nxe4 Bxe5 21. Rac1 Qb5 22. Rb1 Qa6 23. Rb6 Qc8 24. f4 Rd8 25. Rc1 Bd4 26. Nd6 Qc5 27. Qxc5 Bxc5 28. Bxc5 Nxc5 29. Bxa8 1-0

[Event "Israel Youth-ch U12 2025"]
[Site "Rishon Le Zion"]
[Date "2025.04.06"]
[Round "2.3"]
[White "Freifeld, Daniel"]
[Black "Jakobs, Yoav"]
[Result "0-1"]
[Annotator "NA"]
[ECO "B51"]
[WhiteElo "1585"]
[BlackElo "1850"]
[PlyCount "56"]
[EventDate "2025.04.03"]
[EventType "swiss"]
[EventCountry "ISR"]
[SourceTitle "playchess.com"]
[Source "ChessBase"]
[SourceQuality "1"]
[TimeControl "5400+30"]

1. e4 c5 2. Nf3 d6 3. Bb5+ Nd7 4. c4 Ngf6 5. Nc3 g6 6. d3 Bg7 7. h3 O-O 8. O-O a6 9. Ba4 Ne8 10. Qe2 Nc7 11. Be3 b5 12. cxb5 Nb6 13. Bb3 axb5 14. d4 b4 15. dxc5 Ba6 16. Qc2 bxc3 17. cxb6 Nb5 18. bxc3 Nxc3 19. Rfe1 Ne2+ 20. Kh1 Bxa1 21. Rxa1 e5 22. b7 Rb8 23. Bh6 Qb6 24. Bxf8 Rxf8 25. Ng5 Qxf2 26. Bxf7+ Kh8 27. Qc8 Rxc8 28. bxc8=Q+ Bxc8 0-1

[Event "Israel Youth-ch U12 2025"]
[Site "Rishon Le Zion"]
[Date "2025.04.06"]
[Round "2.4"]
[White "Zakin, Lior"]
[Black "Roth, Elai"]
[Result "1-0"]
[Annotator "NA"]
[ECO "B45"]
[WhiteElo "1819"]
[BlackElo "1727"]
[PlyCount "47"]
[EventDate "2025.04.03"]
[EventType "swiss"]
[EventCountry "ISR"]
[SourceTitle "playchess.com"]
[Source "ChessBase"]
[SourceQuality "1"]
[TimeControl "5400+30"]

1. e4 c5 2. Nf3 e6 3. d4 cxd4 4. Nxd4 Nf6 5. Nc3 Nc6 6. Bf4 Bb4 7. Ndb5 e5 8. Bg5 a6 9. Nd6+ Ke7 10. Bxf6+ gxf6 11. Nf5+ Ke8 12. Bc4 d6 13. Qh5 Rf8 14. Ng7+ Ke7 15. O-O Bxc3 16. bxc3 Qc7 17. Rab1 Nd8 18. Bd5 Be6 19. Rfd1 Rh8 20. Rd3 Rb8 21. Qh6 Bxd5 22. Nf5+ Ke8 23. Qxf6 Bxe4 24. Nxd6+ 1-0

[Event "Israel Youth-ch U12 2025"]
[Site "Rishon Le Zion"]
[Date "2025.04.07"]
[Round "4.1"]
[White "Sason, Noam"]
[Black "Jakobs, Yoav"]
[Result "1-0"]
[Annotator "NA RC"]
[ECO "B23"]
[WhiteElo "2075"]
[BlackElo "1850"]
[PlyCount "47"]
[EventDate "2025.04.03"]
[EventType "swiss"]
[EventCountry "ISR"]
[SourceTitle "playchess.com"]
[Source "ChessBase"]
[SourceQuality "1"]
[TimeControl "5400+30"]

1. e4 c5 2. Nc3 a6 3. Nge2 b5 4. g3 Bb7 5. Bg2 Nf6 6. Nd5 Nxd5 7. exd5 d6 8. d4 cxd4 9. Nxd4 Qc7 10. O-O g6 11. Re1 h6 12. a4 bxa4 13. Rxa4 Bg7 14. Qe2 O-O 15. Rc4 Qb6 16. Nc6 Nd7 17. Be3 Qb5 18. Nxe7+ Kh7 19. Rc7 Qxb2 20. Rxd7 Bc8 21. Nxc8 Raxc8 22. Be4 Rcd8 23. Rxd8 Rxd8 24. Qxa6 1-0

[Event "Israel Youth-ch U12 2025"]
[Site "Rishon Le Zion"]
[Date "2025.04.07"]
[Round "4.2"]
[White "Landa, Uri Aharon"]
[Black "Gurevich, Neria"]
[Result "0-1"]
[Annotator "RC"]
[ECO "B51"]
[WhiteElo "1588"]
[BlackElo "2048"]
[PlyCount "120"]
[EventDate "2025.04.03"]
[EventType "swiss"]
[EventCountry "ISR"]
[SourceTitle "playchess.com"]
[Source "ChessBase"]
[SourceQuality "1"]
[TimeControl "5400+30"]

1. e4 c5 2. Nf3 d6 3. Bb5+ Nd7 4. d4 cxd4 5. Qxd4 a6 6. Bxd7+ Bxd7 7. c4 Bc6 8. Nc3 e5 9. Qd3 Be7 10. O-O h6 11. Be3 Nf6 12. h3 O-O 13. Rfd1 b5 14. Nd5 Nxd5 15. cxd5 Bd7 16. g4 Qc8 17. Rac1 Qb7 18. Rc2 Rfc8 19. Rdc1 Rxc2 20. Rxc2 Rc8 21. Kg2 Kh7 22. Nd2 a5 23. Nb3 Bd8 24. Bd2 b4 25. Rxc8 Qxc8 26. a3 bxa3 27. bxa3 a4 28. Na5 Bb6 29. Bb4 Qc7 30. Nc6 Bxc6 31. dxc6 Qxc6 32. Bxd6 Bd4 33. Bb4 Qe6 34. Qf3 g6 35. Kf1 Kg7 36. Kg2 Qb3 37. Be7 Qe6 38. Bb4 Qc6 39. Kf1 Bc5 40. Qc3 Qb5+ 41. Ke1 Bxb4 42. axb4 Kh7 43. f3 Qb6 44. Ke2 Qa6+ 45. Kd2 Qf1 46. Qxe5 Qxf3 47. Qa1 a3 48. b5 Qf2+ 49. Kd3 Qf3+ 50. Kc4 Qxe4+ 51. Kc5 Qc2+ 52. Kd6 Qb2 53. Qf1 Kg7 54. Ke7 Qe5+ 55. Kd7 a2 56. b6 a1=Q 57. Qxa1 Qxa1 58. b7 Qb2 59. Kc8 Kf6 60. b8=Q Qxb8+ 0-1

[Event "Israel Youth-ch U12 2025"]
[Site "Rishon Le Zion"]
[Date "2025.04.07"]
[Round "4.3"]
[White "Triger, Eitan"]
[Black "Hochman, Gur"]
[Result "1/2-1/2"]
[Annotator "NA RC"]
[ECO "C01"]
[WhiteElo "1978"]
[BlackElo "1908"]
[PlyCount "76"]
[EventDate "2025.04.03"]
[EventType "swiss"]
[EventCountry "ISR"]
[SourceTitle "playchess.com"]
[Source "ChessBase"]
[SourceQuality "1"]
[TimeControl "5400+30"]

1. e4 e6 2. d4 d5 3. Nc3 Bb4 4. exd5 exd5 5. Bd3 Nc6 6. a3 Bxc3+ 7. bxc3 Qf6 8. Qf3 Qxf3 9. Nxf3 Bd7 10. O-O f6 11. Bf4 O-O-O 12. h3 Nge7 13. Rfe1 g5 14. Bd2 Nf5 15. Nh2 h5 16. g3 Nd6 17. Kg2 Na5 18. Nf1 Nac4 19. Re2 Rde8 20. Ne3 Nxe3+ 21. Bxe3 Ne4 22. c4 Nc3 23. Ree1 dxc4 24. Bxc4 Bc6+ 25. Kh2 Bf3 26. a4 Nd5 27. Bd2 c6 28. Bd3 h4 29. c4 Nc7 30. g4 Kd8 31. a5 Rxe1 32. Rxe1 Re8 33. Rb1 Kc8 34. Rb4 Be4 35. Bf1 Ne6 36. Be3 Rd8 37. c5 Nc7 38. Rb2 a6 1/2-1/2

[Event "Israel Youth-ch U12 2025"]
[Site "Rishon Le Zion"]
[Date "2025.04.07"]
[Round "4.4"]
[White "Zakin, Lior"]
[Black "Reizer, Omer"]
[Result "1-0"]
[Annotator "NA COMBH"]
[ECO "C63"]
[WhiteElo "1819"]
[BlackElo "1455"]
[PlyCount "97"]
[EventDate "2025.04.03"]
[EventType "swiss"]
[EventCountry "ISR"]
[SourceTitle "playchess.com"]
[Source "ChessBase"]
[SourceQuality "1"]
[TimeControl "5400+30"]

1. e4 e5 2. Nf3 Nc6 3. Bb5 f5 4. Nc3 Nf6 5. d3 fxe4 6. dxe4 d6 7. h3 Be6 8. Be3 Qd7 9. Qd3 Be7 10. Ng5 Bg8 11. Nd5 h6 12. Nxe7 Kxe7 13. Nf3 Nb4 14. Bxd7 Nxd3+ 15. cxd3 Kxd7 16. Ke2 Bf7 17. Nh4 g5 18. Nf5 Bg6 19. Nxh6 Nxe4 20. Ng4 Nc5 21. Bxc5 dxc5 22. Nxe5+ Kd6 23. Nxg6 Rhg8 24. Nf4 gxf4 25. Kf3 Kd5 26. Rac1 Rg7 27. Rc4 Rag8 28. Rh2 Rf8 29. b3 Rgf7 30. h4 b5 31. Re4 a5 32. h5 Rh8 33. h6 Rf6 34. Rh5+ Kd6 35. Ree5 Rfxh6 36. Rd5+ Ke7 37. Rxh6 Rxh6 38. Rxc5 c6 39. Kxf4 Rf6+ 40. Rf5 Rd6 41. Ke4 Ke6 42. g4 Kd7 43. g5 Rg6 44. f4 Re6+ 45. Re5 Rg6 46. Kf5 Rg8 47. g6 Kd6 48. Re6+ Kd7 49. Re4 1-0

[Event "Israel Youth-ch U12 2025"]
[Site "Rishon Le Zion"]
[Date "2025.04.08"]
[Round "5.1"]
[White "Gurevich, Neria"]
[Black "Sason, Noam"]
[Result "0-1"]
[Annotator "NA RC"]
[ECO "D38"]
[WhiteElo "2048"]
[BlackElo "2075"]
[PlyCount "76"]
[EventDate "2025.04.03"]
[EventType "swiss"]
[EventCountry "ISR"]
[SourceTitle "playchess.com"]
[Source "ChessBase"]
[SourceQuality "1"]
[TimeControl "5400+30"]

1. d4 Nf6 2. c4 e6 3. Nf3 d5 4. Nc3 Bb4 5. cxd5 exd5 6. Bg5 h6 7. Bxf6 Qxf6 8. a3 Bxc3+ 9. bxc3 c5 10. e3 Nc6 11. h3 c4 12. Nd2 Qg6 13. Qf3 Be6 14. Rc1 Na5 15. Be2 Nb3 16. Nxb3 cxb3 17. O-O O-O 18. Rb1 Qc2 19. Bb5 Rac8 20. Ba4 Rxc3 21. Qd1 Qxd1 22. Rfxd1 b2 23. Rxb2 Rxa3 24. Bc2 Rc8 25. Bb1 b6 26. e4 dxe4 27. Bxe4 Rb3 28. Re2 a5 29. d5 Bd7 30. Bf3 a4 31. Re7 Rd8 32. d6 a3 33. Bd5 Rb5 34. Rxd7 Rxd7 35. Bc6 Rxd6 36. Rxd6 Rb1+ 37. Kh2 a2 38. Be4 g6 0-1

[Event "Israel Youth-ch U12 2025"]
[Site "Rishon Le Zion"]
[Date "2025.04.08"]
[Round "5.2"]
[White "Belkovsky, Guy"]
[Black "Zakin, Lior"]
[Result "1-0"]
[Annotator "NA RC"]
[ECO "B30"]
[WhiteElo "2067"]
[BlackElo "1819"]
[PlyCount "53"]
[EventDate "2025.04.03"]
[EventType "swiss"]
[EventCountry "ISR"]
[SourceTitle "playchess.com"]
[Source "ChessBase"]
[SourceQuality "1"]
[TimeControl "5400+30"]

1. e4 c5 2. Nf3 Nc6 3. Bb5 Nf6 4. Bxc6 bxc6 5. e5 Nd5 6. c4 Nc7 7. d4 cxd4 8. Qxd4 Ne6 9. Qh4 g6 10. O-O Bg7 11. Nc3 Ba6 12. Re1 Rb8 13. b3 f6 14. Bh6 O-O 15. Bxg7 Kxg7 16. Rad1 Qc7 17. Qg3 Rb7 18. Ne4 Qa5 19. h4 h6 20. h5 g5 21. exf6+ exf6 22. Nd6 Rc7 23. Nd4 Nf4 24. Re7+ Kh8 25. Qe3 Nxh5 26. N4f5 Qxa2 27. Qh3 1-0

[Event "Israel Youth-ch U12 2025"]
[Site "Rishon Le Zion"]
[Date "2025.04.08"]
[Round "5.3"]
[White "Brenner, Ehud"]
[Black "Triger, Eitan"]
[Result "1/2-1/2"]
[Annotator "NA RC"]
[ECO "B92"]
[WhiteElo "1696"]
[BlackElo "1978"]
[PlyCount "83"]
[EventDate "2025.04.03"]
[EventType "swiss"]
[EventCountry "ISR"]
[SourceTitle "playchess.com"]
[Source "ChessBase"]
[SourceQuality "1"]
[TimeControl "5400+30"]

1. e4 c5 2. Nf3 d6 3. d4 cxd4 4. Nxd4 Nf6 5. Nc3 a6 6. Be3 e5 7. Nb3 Be7 8. Be2 Be6 9. O-O O-O 10. Qd2 Nbd7 11. Rad1 Rc8 12. Kh1 b5 13. a3 Qc7 14. f4 Nb6 15. f5 Nc4 16. Bxc4 Bxc4 17. Rfe1 Rfd8 18. Qf2 Ng4 19. Qf3 Nxe3 20. Qxe3 a5 21. Nd2 h6 22. Nxc4 Qxc4 23. Qe2 b4 24. axb4 axb4 25. Qxc4 Rxc4 26. Nd5 Bf6 27. c3 bxc3 28. bxc3 Kf8 29. Rb1 Bg5 30. Re2 Ke8 31. g3 Ra8 32. Kg2 Raa4 33. Rb4 Bd8 34. Rxa4 Rxa4 35. Kf3 h5 36. h4 Ra1 37. Rb2 Rf1+ 38. Kg2 Re1 39. Rb4 Rc1 40. Ra4 Kd7 41. Ra7+ Ke8 42. Ra6 1/2-1/2

[Event "Israel Youth-ch U12 2025"]
[Site "Rishon Le Zion"]
[Date "2025.04.08"]
[Round "5.4"]
[White "Jakobs, Yoav"]
[Black "Cohen, Dotan"]
[Result "1-0"]
[Annotator "NA RC"]
[ECO "B47"]
[WhiteElo "1850"]
[BlackElo "1722"]
[PlyCount "59"]
[EventDate "2025.04.03"]
[EventType "swiss"]
[EventCountry "ISR"]
[SourceTitle "playchess.com"]
[Source "ChessBase"]
[SourceQuality "1"]
[TimeControl "5400+30"]

1. e4 c5 2. Nf3 e6 3. d4 cxd4 4. Nxd4 Nc6 5. Nc3 Qc7 6. Ncb5 Qb8 7. Bd3 a6 8. Nxc6 bxc6 9. Nd4 Nf6 10. Qe2 e5 11. Nf3 Bc5 12. Bg5 Ng4 13. Bh4 O-O 14. O-O d5 15. exd5 cxd5 16. h3 e4 17. hxg4 exd3 18. Qxd3 Bxg4 19. Ng5 g6 20. Qxd5 Qb6 21. Nxf7 Rxf7 22. Qxa8+ Kg7 23. Qe4 h5 24. Qe5+ Kh7 25. Qe8 Rf8 26. Qe4 Qxb2 27. Rab1 Qxa2 28. Rb7+ Kh6 29. Qe5 Rf7 30. Qh8+ 1-0

[Event "Israel Youth-ch U12 2025"]
[Site "Rishon Le Zion"]
[Date "2025.04.09"]
[Round "6.1"]
[White "Sason, Noam"]
[Black "Cohen, Israel"]
[Result "1-0"]
[Annotator "RC"]
[ECO "C00"]
[WhiteElo "2075"]
[BlackElo "1879"]
[PlyCount "79"]
[EventDate "2025.04.03"]
[EventType "swiss"]
[EventCountry "ISR"]
[SourceTitle "playchess.com"]
[Source "ChessBase"]
[SourceQuality "1"]
[TimeControl "5400+30"]

1. Nf3 d5 2. g3 e6 3. Bg2 Nf6 4. O-O Be7 5. d3 O-O 6. Nbd2 c5 7. e4 Nc6 8. Re1 b5 9. e5 Nd7 10. Nf1 a5 11. h4 b4 12. N1h2 Ba6 13. Ng4 Rc8 14. Bf4 Na7 15. Ng5 Nb5 16. Bh3 a4 17. Ne3 Bxg5 18. hxg5 g6 19. Qg4 Nb6 20. Qh4 Nd4 21. Qh6 Re8 22. Kg2 Nd7 23. Rh1 Bb7 24. c3 Ne2 25. Kf1 Nxf4 26. gxf4 d4 27. Ng4 Qe7 28. Bg2 Bxg2+ 29. Kxg2 f5 30. gxf6 Qf7 31. Qg5 Kh8 32. Rxh7+ Qxh7 33. Rh1 Nf8 34. f7 Qxh1+ 35. Kxh1 Kg7 36. Qf6+ Kh7 37. fxe8=Q Rxe8 38. Qf7+ Kh8 39. Nf6 Rd8 40. Qg8# 1-0

[Event "Israel Youth-ch U12 2025"]
[Site "Rishon Le Zion"]
[Date "2025.04.09"]
[Round "6.2"]
[White "Hochman, Gur"]
[Black "Belkovsky, Guy"]
[Result "1-0"]
[Annotator "RC"]
[ECO "A08"]
[WhiteElo "1908"]
[BlackElo "2067"]
[PlyCount "71"]
[EventDate "2025.04.03"]
[EventType "swiss"]
[EventCountry "ISR"]
[SourceTitle "playchess.com"]
[Source "ChessBase"]
[SourceQuality "1"]
[TimeControl "5400+30"]

1. e4 c5 2. Nf3 g6 3. d3 Bg7 4. c3 d5 5. Nbd2 Nc6 6. g3 e6 7. Bg2 Nge7 8. O-O O-O 9. Re1 Qc7 10. Nf1 b5 11. Qe2 b4 12. e5 Ba6 13. Bf4 Qa5 14. Qd2 bxc3 15. bxc3 Rab8 16. Rab1 Rxb1 17. Rxb1 Qc7 18. Re1 Rb8 19. Bh6 Nxe5 20. Nxe5 Bxe5 21. Rxe5 Rb1 22. Qf4 Nf5 23. Rxf5 Qxf4 24. Rxf4 Bxd3 25. Ra4 a6 26. Ra5 c4 27. Rxa6 Rb8 28. Bf4 Rd8 29. Bg5 Re8 30. Bf6 h6 31. Rd6 Kf8 32. Rd8 Rxd8 33. Bxd8 Ke8 34. Bf6 Kd7 35. Nd2 Be2 36. Bf1 1-0

[Event "Israel Youth-ch U12 2025"]
[Site "Rishon Le Zion"]
[Date "2025.04.09"]
[Round "6.3"]
[White "Eshkol, Idan"]
[Black "Jakobs, Yoav"]
[Result "1-0"]
[Annotator "NA COMBH"]
[ECO "A01"]
[WhiteElo "1852"]
[BlackElo "1850"]
[PlyCount "99"]
[EventDate "2025.04.03"]
[EventType "swiss"]
[EventCountry "ISR"]
[SourceTitle "playchess.com"]
[Source "ChessBase"]
[SourceQuality "1"]
[TimeControl "5400+30"]

1. b3 e5 2. Bb2 Nc6 3. e3 d5 4. Bb5 Nge7 5. Bxe5 a6 6. Bxc6+ Nxc6 7. Bg3 h5 8. h4 d4 9. Ne2 Bd6 10. Bxd6 Qxd6 11. Nf4 Bg4 12. f3 O-O-O 13. fxg4 dxe3 14. O-O exd2 15. Rf2 hxg4 16. Qxg4+ Kb8 17. Nxd2 Qf6 18. Raf1 Rxh4 19. Qg3 Qh6 20. Nh3 f5 21. Nc4 Rg4 22. Qe3 Qg6 23. Nf4 Qh6 24. Ne6 Rh8 25. Qxh6 Rxh6 26. Nf4 g5 27. Nd3 Nd4 28. Nde5 Re4 29. Rd2 b5 30. Na5 Ka7 31. Rxd4 Rxe5 32. b4 c5 33. Rd7+ Kb8 34. a3 cxb4 35. axb4 Re4 36. Rxf5 Re1+ 37. Kf2 Re8 38. Rff7 Rb6 39. Rg7 Rf8+ 40. Kg3 Re8 41. Rxg5 Rf8 42. Rgg7 Rc8 43. Nb3 Rc3+ 44. Kf4 Rc8 45. Nc5 Ka8 46. Ra7+ Kb8 47. Nxa6+ Rxa6 48. Rxa6 Rxc2 49. Rb6+ Kc8 50. Rxb5 1-0

[Event "Israel Youth-ch U12 2025"]
[Site "Rishon Le Zion"]
[Date "2025.04.09"]
[Round "6.4"]
[White "Blekh, Erik"]
[Black "Gurevich, Neria"]
[Result "1/2-1/2"]
[Annotator "RC"]
[ECO "A49"]
[WhiteElo "1899"]
[BlackElo "2048"]
[PlyCount "92"]
[EventDate "2025.04.03"]
[EventType "swiss"]
[EventCountry "ISR"]
[SourceTitle "playchess.com"]
[Source "ChessBase"]
[SourceQuality "1"]
[TimeControl "5400+30"]

1. Nf3 Nf6 2. g3 g6 3. b3 d6 4. d4 c5 5. Bb2 cxd4 6. Nxd4 d5 7. Bg2 Bg7 8. O-O O-O 9. Nd2 e5 10. N4f3 e4 11. Ne1 e3 12. fxe3 Ng4 13. Bxg7 Nxe3 14. Qc1 Kxg7 15. Qb2+ Kg8 16. Rf2 Qb6 17. Bf3 Bg4 18. Ng2 Bxf3 19. Nxe3 Qxe3 20. Nxf3 Nc6 21. Rd1 Rad8 22. Kg2 Qe4 23. Kg1 d4 24. a3 Rd5 25. Nd2 Qe6 26. Nf3 Rfd8 27. Rd3 h5 28. Qc1 Ne5 29. Nxe5 Rxe5 30. Qd2 Red5 31. Rf4 Qe5 32. Rdf3 R8d7 33. Rd3 R5d6 34. Rdf3 Re7 35. Kf1 a5 36. a4 Qd5 37. Kg1 Qe5 38. Kf1 Rc7 39. Rd3 Rcd7 40. Kg1 Rd5 41. Kf1 Qd6 42. Kg1 b6 43. Kf2 Qc5 44. Kf1 Qc6 45. Kg1 Qc5 46. Kf1 Qc6 1/2-1/2

[Event "Israel Youth-ch U12 2025"]
[Site "Rishon Le Zion"]
[Date "2025.04.09"]
[Round "7.1"]
[White "Sason, Noam"]
[Black "Hochman, Gur"]
[Result "1-0"]
[Annotator "NA"]
[ECO "A07"]
[WhiteElo "2075"]
[BlackElo "1908"]
[PlyCount "51"]
[EventDate "2025.04.03"]
[EventType "swiss"]
[EventCountry "ISR"]
[SourceTitle "playchess.com"]
[Source "ChessBase"]
[SourceQuality "1"]
[TimeControl "5400+30"]

1. Nf3 d5 2. g3 Nf6 3. Bg2 e6 4. O-O Be7 5. d3 O-O 6. Bf4 Nc6 7. c4 Re8 8. Nc3 Bd6 9. Bg5 d4 10. Ne4 Be7 11. Bxf6 Bxf6 12. Nxf6+ Qxf6 13. Nd2 e5 14. f4 Qh6 15. f5 Ne7 16. g4 Qg5 17. h3 h5 18. Ne4 Qe3+ 19. Kh2 hxg4 20. hxg4 Qh6+ 21. Kg3 f6 22. Qb3 Bxf5 23. gxf5 Nxf5+ 24. Rxf5 Qg6+ 25. Ng5 fxg5 26. c5+ 1-0

[Event "Israel Youth-ch U12 2025"]
[Site "Rishon Le Zion"]
[Date "2025.04.09"]
[Round "7.2"]
[White "Triger, Eitan"]
[Black "Eshkol, Idan"]
[Result "1-0"]
[Annotator "NA"]
[ECO "C42"]
[WhiteElo "1978"]
[BlackElo "1852"]
[PlyCount "89"]
[EventDate "2025.04.03"]
[EventType "swiss"]
[EventCountry "ISR"]
[SourceTitle "playchess.com"]
[Source "ChessBase"]
[SourceQuality "1"]
[TimeControl "5400+30"]

1. e4 e5 2. Nf3 Nf6 3. Nxe5 d6 4. Nc4 Nxe4 5. Qe2 Qe7 6. d3 Nf6 7. Bg5 Qxe2+ 8. Bxe2 Be7 9. Nc3 Be6 10. Bf3 Nc6 11. O-O-O O-O-O 12. Bxc6 bxc6 13. Na5 Kd7 14. d4 Ng4 15. Bxe7 Kxe7 16. Nxc6+ Kd7 17. Nxd8 Rxd8 18. Rd2 Rb8 19. Re1 Nf6 20. d5 Bf5 21. Rde2 Ng8 22. f3 Rb4 23. Re8 f6 24. Rxg8 Bg6 25. Rxg7+ Kc8 26. Ree7 Rc4 27. g4 a6 28. h4 Kd8 29. h5 Be8 30. Re4 Rxe4 31. Nxe4 Bb5 32. Rxh7 Kc8 33. Rg7 f5 34. gxf5 a5 35. h6 Kb7 36. Nxd6+ Kb6 37. Nxb5 a4 38. h7 a3 39. h8=Q axb2+ 40. Kxb2 Kc5 41. Rxc7+ Kb4 42. Qc3+ Ka4 43. Ra7+ Kxb5 44. Qc6+ Kb4 45. a3# 1-0

[Event "Israel Youth-ch U12 2025"]
[Site "Rishon Le Zion"]
[Date "2025.04.09"]
[Round "7.3"]
[White "Gurevich, Neria"]
[Black "Zuker, Zivi"]
[Result "1-0"]
[Annotator "NA"]
[ECO "D58"]
[WhiteElo "2048"]
[BlackElo "1769"]
[PlyCount "37"]
[EventDate "2025.04.03"]
[EventType "swiss"]
[EventCountry "ISR"]
[SourceTitle "playchess.com"]
[Source "ChessBase"]
[SourceQuality "1"]
[TimeControl "5400+30"]

1. d4 d5 2. c4 e6 3. Nf3 Nf6 4. Nc3 Be7 5. Bg5 O-O 6. e3 b6 7. cxd5 exd5 8. Bd3 Bb7 9. O-O Nbd7 10. Qc2 h6 11. Bh4 c5 12. Rfd1 Rc8 13. Rac1 a6 14. a4 Re8 15. Bg3 Bf8 16. Ne5 cxd4 17. exd4 Ne4 18. f3 Nxg3 19. Bh7+ 1-0

[Event "Israel Youth-ch U12 2025"]
[Site "Rishon Le Zion"]
[Date "2025.04.09"]
[Round "7.4"]
[White "Belkovsky, Guy"]
[Black "Cohen, Dotan"]
[Result "1-0"]
[Annotator "NA"]
[ECO "B47"]
[WhiteElo "2067"]
[BlackElo "1722"]
[PlyCount "67"]
[EventDate "2025.04.03"]
[EventType "swiss"]
[EventCountry "ISR"]
[SourceTitle "playchess.com"]
[Source "ChessBase"]
[SourceQuality "1"]
[TimeControl "5400+30"]

1. e4 c5 2. Nf3 e6 3. d4 cxd4 4. Nxd4 Nc6 5. Nc3 Qc7 6. g3 a6 7. Bg2 Nf6 8. O-O Nxd4 9. Qxd4 Bc5 10. Bf4 d6 11. Qd2 h6 12. Rad1 e5 13. Be3 Be6 14. Bxc5 dxc5 15. Nd5 Bxd5 16. exd5 Qd6 17. c4 O-O 18. Qa5 Rad8 19. b4 b6 20. bxc5 bxc5 21. Rb1 Rb8 22. Qa3 Nd7 23. Qa4 f5 24. Qc6 Rf6 25. Rxb8+ Nxb8 26. Qc8+ Kh7 27. Bh3 Nd7 28. Rb1 Kg6 29. Qe8+ Kg5 30. Rb7 Nb6 31. Rxg7+ Rg6 32. Rxg6+ Qxg6 33. Qxe5 Qf6 34. Qe3+ 1-0